 Dungeon Crawl Stone Soup version 0.16-a0-2710-g8b41a68 (webtiles) character file.

668725 Kemay the Cutthroat (level 27, -27/158 HPs)
             Began as a Vine Stalker Assassin on Nov 22, 2014.
             Was the Champion of Dithmenos.
             Killed from afar by the Serpent of Hell (46 damage)
             ... with a crystal spear
             ... on level 7 of the Iron City of Dis on Nov 26, 2014.
             The game lasted 09:13:55 (77120 turns).

Kemay the Cutthroat (Vine Stalker Assassin)        Turns: 77120, Time: 09:13:55

Health: -27/158    AC: 28    Str: 25      XL:     27
Magic:  0/38       EV: 32    Int: 19 (20) God:    Dithmenos [******]
Gold:   7107       SH: 16    Dex: 27      Spells: 4 memorised, 23 levels left

rFire  + . .     SeeInvis .     d - +11 quick blade (pierce) (curse)
rCold  + . .     Clarity  .     T - +6 faerie dragon armour {+Rage +Inv} (curse)
rNeg   . . .     SustAb   +     v - +2 shield of Resistance {rF+ rC+ MR+} (curse)
rPois  .         Gourm    +     D - +0 helmet (curse)
rElec  .         Spirit   +     Z - +2 cloak "Sumocozo" {+Fly Str+3 Slay+2} (curse)
rCorr  .         Warding  .     q - +2 pair of gloves (curse)
rMut   .         Stasis   .     w - +2 pair of boots "Mnegela" {Int+5} (curse)
MR     ++++.                    B - amulet of the gourmand (curse)
Stlth  +++++++++.               A - +6 ring of slaying (curse)
                                j - ring "Bytetul" {SustAb Str+4 Int+4} (curse)

@: wreathed by umbra, incredibly resistant to hostile enchantments, incredibly
stealthy
A: fangs 3, agile 1, blurry vision 1, breathe flames 1, deformed body,
regeneration 3, wild magic 1, magic shield, antimagic bite, no device heal 3,
rot immunity
a: Shadow Step, Shadow Form, Renounce Religion, Breathe Fire, Evoke Berserk
Rage, Evoke Invisibility, Evoke Flight
}: 3/15 runes: decaying, serpentine, silver


You were on level 7 of the Iron City of Dis.
You worshipped Dithmenos.
Dithmenos was exalted by your worship.
You were full.

You visited 13 branches of the dungeon, and saw 64 of its levels.

You collected 9903 gold pieces.
You spent 2796 gold pieces at shops.

Inventory:

Hand weapons
 d - a cursed +11 quick blade of piercing (weapon)
 o - a cursed +9 dagger of draining
Armour
 q - a cursed +2 pair of gloves (worn)
 v - the cursed +2 shield of Resistance (worn) {rF+ rC+ MR+}
   (You bought it in a shop on level 1 of the Vaults)

   It protects you from fire.
   It protects you from cold.
   It affects your resistance to hostile enchantments.
   It has a curse placed upon it.
 w - the cursed +2 pair of boots "Mnegela" (worn) {Int+5}
   (You acquired it on level 5 of the Depths)

   It affects your intelligence (+5).
   It has a curse placed upon it.
 C - a cursed +5 steam dragon armour
 D - a cursed +0 helmet (worn)
 F - a cursed +2 cloak of magic resistance
 G - a cursed +0 ice dragon armour
 T - the cursed +6 faerie dragon armour (worn) {+Rage +Inv}
   (You took it off the Enchantress on level 4 of the Depths)

   It lets you turn invisible.
   It lets you go berserk.
   It has a curse placed upon it.
 Z - the cursed +2 cloak "Sumocozo" (worn) {+Fly Str+3 Slay+2}
   (You found it on level 1 of the Tomb of the Ancients)

   It affects your strength (+3).
   It affects your accuracy and damage with ranged weapons and melee attacks
   (+2).
   It lets you fly.
   It has a curse placed upon it.
Jewellery
 f - the cursed ring "Xyriozor" {Wiz Str+5 Int+4}
   (You took it off a naga on level 3 of the Snake Pit)

   [ring of wizardry]

   It improves your spell success rate.
   It affects your strength (+5).
   It affects your intelligence (+4).
   It has a curse placed upon it.
 j - the cursed ring "Bytetul" (left hand) {SustAb Str+4 Int+4}
   (You found it on level 1 of the Depths)

   [ring of sustain abilities]

   It sustains your strength, intelligence and dexterity.
   It affects your strength (+4).
   It affects your intelligence (+4).
   It has a curse placed upon it.
 p - the cursed ring of Ummuj {rElec rPois rC+ Stlth-}
   (You found it on level 5 of the Vaults)

   [ring of loudness]

   It protects you from cold.
   It insulates you from electricity.
   It protects you from poison.
   It makes you less stealthy.
   It has a curse placed upon it.
 A - a cursed +6 ring of slaying (right hand)
 B - a cursed amulet of the gourmand (around neck)
 V - the cursed ring of Yfatunu {Ice rPois SInv}
   (You found it on level 3 of the Elven Halls)

   [ring of ice]

   It enhances your ice magic, and weakens your fire magic.
   It makes you vulnerable to fire.
   It protects you from cold.
   It protects you from poison.
   It enhances your eyesight.
   It has a curse placed upon it.
Magical devices
 m - a wand of slowing (12)
 r - a wand of disintegration (17)
 t - a wand of draining (12)
 u - a wand of disintegration (10)
 x - a wand of teleportation (4)
 E - a wand of paralysis (12)
Scrolls
 i - 9 scrolls of magic mapping
 n - 24 scrolls of teleportation
 L - 7 scrolls of amnesia
 M - 2 scrolls of blinking
 N - 9 scrolls of fear
 Q - a scroll of identify
 R - 10 scrolls of remove curse
 W - 5 scrolls of brand weapon
Potions
 a - 11 potions of brilliance
 e - 6 potions of restore abilities
 k - 2 potions of haste
 s - 3 potions of magic
 z - 19 potions of curing
 H - 3 potions of cancellation
 I - 5 potions of cure mutation
 K - 5 potions of agility
 O - 5 potions of resistance
 P - 5 potions of might
 X - a potion of invisibility
Miscellaneous
 l - a stone of tremors
Comestibles
 b - 21 beef jerkies
 c - 4 royal jellies
 g - 22 bread rations
 h - 23 meat rations
 J - 11 chunks of flesh


   Skills:
 + Level 20.7 Fighting
 - Level 22.0 Short Blades
 - Level 1.7 Throwing
 - Level 21.2 Armour
 - Level 18.1 Dodging
 - Level 10.3 Stealth
 - Level 10.0 Shields
 - Level 7.1 Spellcasting
 - Level 10.2 Transmutations
 - Level 8.0 Earth Magic


You had 23 spell levels left.
You knew the following spells:

 Your Spells              Type           Power        Failure   Level  Hunger
a - Statue Form           Trmt/Erth      ######...    75%         6    ######.
b - Sticks to Snakes      Trmt           ######....   2%          2    None
c - Ice Form              Ice/Trmt       #####...     34%         4    ###....
d - Lee's Rapid Deconstr  Erth           ######....   30%         5    #####..


Dungeon Overview and Level Annotations

Branches:
Dungeon (15/15)            Temple (1/1) D:4            Lair (8/8) D:10
  Swamp (5/5) Lair:4        Snake (5/5) Lair:4        Slime (0/6) Lair:6
    Orc (4/4) D:11            Elf (3/3) Orc:3        Vaults (5/5) D:14
  Crypt (3/3) Vaults:2       Tomb (2/3) Crypt:3      Depths (5/5) D:15
   Hell (1/1)                 Dis (7/7) Hell            Geh (0/7) Hell
    Coc (0/7) Hell            Tar (0/7) Hell            Zot (0/5) Depths:5

Altars:
Cheibriados
Dithmenos
Fedhas
Gozag
Kikubaaqudgha
Makhleb
Nemelex Xobeh
Okawaru
Qazlal
Ru
Sif Muna
Trog
Vehumet
Xom
Yredelemnul
Zin
The Shining One
Beogh
Jiyva

Shops:
D:8 ?   D:15 ![(=[   Orc:2 [}=   Orc:4 *[!:   Elf:3 :   Snake:2 [   Vaults:1 [
Depths:3 :

Portals:
Hell: Depths:1 Depths:2 Depths:3 Depths:4 Depths:5
Abyss: Depths:4
Pandemonium: Depths:3 Depths:4
Ziggurat: Depths:1
Trove: Depths:3 (give +4 ice dragon armour)

Annotations:
Lair:6 runed door
Swamp:5 Lernaean hydra
Depths:2 runed door
Dis:7 Serpent of Hell


Innate Abilities, Weirdness & Mutations

You have razor-sharp teeth.
You regenerate.
When hurt, damage is shared between your health and your magic reserves.
Your bite disrupts and absorbs the magic of your enemies.
Potions and wands cannot restore your health.
You are immune to rotting.
You are agile. (Dex +2)
Your vision is a little blurry.
You can breathe flames.
Armour fits poorly on your strangely shaped body.
Your spells are a little harder to cast, but a little more powerful.


Message History

There's nothing to close nearby.
There's nothing to close nearby.
There's nothing to close nearby.
The Serpent of Hell misses you. The Serpent of Hell closely misses you.
You block the Serpent of Hell's attack.
There is a large open door here.
The Serpent of Hell completely misses you.
You block the Serpent of Hell's attack.
The Serpent of Hell completely misses you.
A gut-wrenching scream fills the air!
An iron imp, a red devil, a hellion and a zombie come into view.
The Serpent of Hell breathes metal splinters at you.
The spray of metal splinters hits you!
* * * LOW HITPOINT WARNING * * *
You emit a cloud of dark smoke.
The Serpent of Hell breathes energy at you.
The bolt of dispelling energy hits you!
The Serpent of Hell spits crystal at you.
The crystal spear hits you!
You die...

#..#....#.4.8.# ......
#..)..........# .......
#..'...D+.....#........
#..#....#...8.# ....T..
#.###'D##...))# ....
#.##....#...).# ..
#...Z2D##...8.######'''
#.....§##...).)........
#....5@)#.....'.....2..
#....4§##.....'........
#......########D.......
#.........### #28.8.8.8
#...........###........
#.............#########
#...............##..##.
#......................
#.........†............


You could see the Serpent of Hell, an iron dragon, an ice dragon, a hellion, a
red devil, an iron imp and a shock serpent zombie.

Vanquished Creatures
  9 greater mummies
  An ancient lich (Vaults:5)
  Margery (Depths:5)
  Mara (Depths:3)
  Geryon (Hell)
  5 golden dragons
  Jory (Vaults:4)
  Xtahua (Depths:4)
  Frederick (Depths:3)
  the Enchantress (Depths:4)
  A profane servitor (Crypt:3)
  2 bone dragons
  Nikola (Elf:3)
  A hellephant (Hell)
  The ghost of anything the Slingshot, a mighty HaHu of Gozag (Vaults:3)
  4 tentacled monstrosities
  5 Hell Sentinels
  2 deep elf blademasters (Elf:3)
  5 titans
  5 deep elf master archers (Elf:3)
  7 liches
  A quicksilver dragon (Dis:6)
  11 sphinxes
  An eldritch tentacle (Dis:1)
  2 ancient champions
  Kirke (Elf:2)
  2 Executioners
  5 tengu reavers
  12 fire giants
  Frances (Elf:2)
  Roxanne (Swamp:2)
  7 storm dragons
  10 shadow dragons
  A revenant (Crypt:2)
  8 greater nagas (Snake:5)
  10 frost giants
  Wiglaf (Vaults:2)
  15 vault wardens
  14 iron dragons
  2 balrugs
  3 emperor scorpions
  3 curse skulls
  A draconian zealot (Depths:5)
  10 ghouls
  A draconian annihilator (Depths:5)
  11 deep elf sorcerers
  Jorgrun (Elf:2)
  The ghost of Leibowitz the Spry, a powerful MfGl of Okawaru (Orc:4)
  25 stone giants
  6 spriggan defenders
  10 very ugly things
  35 reapers
  A green draconian (Depths:5)
  A draconian caller (Depths:5)
  2 salamander firebrands (Hell)
  22 war gargoyles
  5 deep elf demonologists (Elf:3)
  A dire elephant (Depths:3)
  4 deep elf annihilators (Elf:3)
  The ghost of WereVolvo the Arsonist, a powerful DECj of Vehumet (D:12)
  2 black draconians (Depths:5)
  Azrael (D:15)
  8 rakshasas
  A pale draconian (Depths:5)
  3 vampire knights
  4 lorocyprocas
  2 caustic shrike zombies (Depths:4)
  9 ettins
  6 unborn
  9 mummy priests
  13 eidola
  The ghost of Thrillho the Unseen, a powerful SpEn of Ashenzari (Orc:4)
  Snorg (Lair:4)
  The ghost of colonelcorduroys the Stickfighter, a powerful TeGl of Trog (Lair:5)
  6 fire dragons
  13 deep elf death magi
  4 crystal guardians (Depths:1)
  33 vault guards
  A minotaur (Depths:2)
  15 yaktaur captains
  A blizzard demon (Hell)
  A quicksilver dragon zombie (Crypt:3)
  5 deep elf high priests
  3 jiangshi (Crypt:1)
  3 hell beasts
  13 ice dragons
  11 ironheart preservers
  7 great orbs of eyes
  Fannar (D:11)
  22 hydras
  19 naga warriors
  5 spriggan air magi
  8 deep troll earth magi
  14 dancing weapons (Elf:2)
  3 death knights
  10 centaur warriors
  13 ogre magi
  7 tengu warriors
  8 alligators
  10 hell hogs
  4 anacondas
  7 shock serpents
  4 deep troll shamans
  A storm dragon zombie (Dis:2)
  10 death yaks
  Urug (Swamp:1)
  3 catoblepae
  3 titan zombies
  8 sun demons
  A vampire mage (Depths:3)
  12 naga sharpshooters
  2 orc high priests
  2 spriggan berserkers
  11 soul eaters
  12 iron golems
  81 skeletal warriors
  6 unseen horrors
  23 deep elf knights
  16 iron trolls
  5 shadow wraiths
  A giant orange brain (shapeshifter) (Vaults:5)
  A storm dragon skeleton (Dis:1)
  26 deep trolls
  20 hell knights
  4 anaconda zombies
  6 naga ritualists
  A sea snake (Snake:1)
  5 ice devils
  4 golden dragon zombies
  20 death scarabs
  2 fire crabs
  5 flayed ghosts
  3 salamander mystics (Snake:5)
  8 deep elf summoners
  3 ice statues
  10 swamp dragons
  A spriggan druid (Swamp:5)
  A harpy (shapeshifter) (Elf:3)
  2 giant orange brains
  A shambling mangrove (Swamp:3)
  15 anubis guards
  2 shadow dragon zombies
  4 iron dragon zombies
  5 orc sorcerers
  12 hill giants
  18 ironbrand convokers
  5 spectral ice dragons (Crypt:2)
  2 wolf spider zombies
  8 necromancers
  13 deep elf conjurers
  2 frost giant zombies
  A kraken simulacrum (Hell)
  4 red wasps
  47 ugly things
  3 stone giant zombies
  13 orc knights
  3 fire giant zombies
  26 phantasmal warriors
  A shadow dragon skeleton (Crypt:2)
  7 mana vipers
  3 spectral fire dragons (Crypt:2)
  A wolf spider (shapeshifter) (Depths:1)
  8 cyclopes
  A draconian zombie (Depths:5)
  16 salamanders
  A draconian (shapeshifter) (Vaults:2)
  A salamander (shapeshifter) (Vaults:4)
  6 griffons
  40 rust devils
  7 wolf spiders
  4 spriggan zombies
  5 wizards
  16 elephants
  A fire giant skeleton (Crypt:2)
  3 manticores
  2 frost giant skeletons
  2 dire elephant zombies
  4 guardian serpents
  A stone giant skeleton (Dis:1)
  2 centaur zombies (D:14)
  3 large abominations (Depths:4)
  An iron dragon skeleton (Dis:1)
  An orange demon (Elf:3)
  18 vault sentinels
  A shock serpent zombie (Crypt:3)
  34 naga magi
  2 torpor snails
  2 centaur skeletons
  A molten gargoyle (Hell)
  33 black mambas
  A spriggan skeleton (Depths:2)
  12 hellions
  An orange crystal statue (Depths:1)
  A shock serpent skeleton (Crypt:1)
  3 efreet
  Psyche (D:8)
  A dire elephant skeleton (Dis:1)
  3 gargoyles
  2 kobold demonologists
  34 spiny frogs
  A purple draconian zombie (Crypt:3)
  5 small abominations
  An elf (shapeshifter) (Depths:5)
  A fire drake (Lair:6)
  6 komodo dragons
  5 tengu conjurers
  16 deep elf priests
  3 demonic crawlers
  A komodo dragon (shapeshifter) (Depths:4)
  48 yaktaurs
  An anaconda simulacrum (Hell)
  3 emperor scorpion zombies
  A spectral catoblepas (Crypt:2)
  2 yaktaurs (shapeshifter)
  An alligator snapping turtle skeleton (Crypt:2)
  A death yak skeleton (Crypt:2)
  22 guardian mummies
  A black draconian skeleton (Crypt:2)
  10 red devils
  10 tormentors
  6 hydra zombies
  24 two-headed ogres
  3 harpy zombies
  A sea snake skeleton (Crypt:1)
  6 baby alligators
  A jumping spider (Crypt:3)
  2 polar bears
  A queen bee (shapeshifter) (Elf:1)
  32 slime creatures
  13 trolls
  Sonja (Orc:2)
  A silent spectre (Crypt:2)
  9 blue devils
  A troll (shapeshifter) (Depths:2)
  2 hydra skeletons (Hell)
  10 blink frogs
  4 boulder beetles
  9 giant leeches
  7 bog bodies
  16 freezing wraiths
  A raven (shapeshifter) (Depths:3)
  29 ravens
  A trapdoor spider zombie (D:12)
  A fire dragon zombie (Crypt:3)
  4 ice dragon zombies
  2 ushabtiu (Tomb:1)
  3 alligator zombies
  5 ettin zombies
  A jumping spider zombie (Crypt:1)
  The ghost of anything the Slinger, an average HaHu (D:4)
  62 yaks
  32 flying skulls
  2 alligator skeletons
  A redback (Crypt:3)
  4 trapdoor spiders
  A fire giant simulacrum (Vaults:3)
  14 shadows
  28 deep elf magi
  A spriggan (shapeshifter) (Vaults:5)
  16 spriggans
  A black mamba zombie (Tomb:2)
  2 humans (shapeshifter)
  21 humans
  A tarantella (shapeshifter) (Vaults:2)
  5 vampires
  2 wyverns
  7 water elementals
  3 elf zombies (Depths:4)
  A basilisk (Lair:4)
  12 hippogriffs
  37 deep elf fighters
  A steam dragon (D:10)
  8 fire elementals
  17 wraiths
  3 hungry ghosts
  40 vampire mosquitoes
  A harpy simulacrum (D:15)
  A raven zombie (Depths:2)
  3 hogs (Elf:2)
  43 water moccasins
  4 chaos spawn (Depths:4)
  A soldier ant (shapeshifter) (Vaults:2)
  65 nagas
  25 swamp worms
  28 wolves
  3 mottled dragons
  62 hell hounds
  A merfolk zombie (Crypt:3)
  A tengu zombie (Depths:2)
  6 wargs
  8 raven skeletons (Crypt:3)
  A spiny frog zombie (Dis:2)
  A human simulacrum (Vaults:3)
  A hydra simulacrum (Hell)
  6 sky beasts
  An infernal demonspawn skeleton (Crypt:1)
  11 porcupines
  6 spiders
  6 black bears
  18 swamp drakes
  14 yellow wasps
  11 ice beasts
  A manticore zombie (Dis:2)
  40 orc warriors
  2 phantoms
  A spiny frog skeleton (Hell)
  6 centaurs
  A snapping turtle zombie (Dis:1)
  An ettin simulacrum (Vaults:3)
  19 necrophages
  A swamp dragon zombie (Dis:3)
  21 crocodiles
  9 boggarts
  A blink frog skeleton (Crypt:2)
  An anubis guard skeleton (Crypt:2)
  A boring beetle (Lair:5)
  54 ogres
  A boring beetle (shapeshifter) (Vaults:5)
  A lost soul (Crypt:2)
  Duvessa (D:6)
  27 giant frogs
  Blork the orc (D:5)
  A big kobold (D:15)
  13 insubstantial wisps
  A wyvern zombie (D:14)
  A gnoll sergeant (D:3)
  3 scorpions
  A wyvern skeleton (D:12)
  A boulder beetle zombie (Crypt:2)
  A water moccasin zombie (D:9)
  36 wights
  A polar bear zombie (Crypt:3)
  A raiju zombie (Crypt:1)
  12 killer bees
  A quasit (Depths:3)
  5 jellies
  Dowan (D:6)
  5 crimson imps
  3 giant frog zombies
  4 electric eels
  2 goliath beetles (D:10)
  34 orc priests
  14 hounds
  Crazy Yiuf (D:6)
  3 giant frog skeletons
  13 human zombies
  43 iron imps
  5 gnoll shamans (D:3)
  A two-headed ogre zombie (Vaults:2)
  52 orc wizards
  An orange rat (Elf:3)
  5 iguanas
  16 worker ants
  A killer bee zombie (D:9)
  14 sheep
  A big kobold skeleton (Crypt:1)
  A naga skeleton (Crypt:1)
  2 hound zombies (D:5)
  A hound skeleton (D:5)
  43 mummies
  30 gnolls
  51 river rats
  27 adders
  A shadow imp (D:8)
  2 giant mites
  3 worms
  3 white imps
  An adder zombie (D:5)
  3 giant geckos
  An ooze (D:4)
  190 orcs
  A ball python (D:2)
  21 hobgoblins
  43 jackals
  7 quokkas
  22 bats
  9 giant cockroaches
  3 giant newts
  4 giant spores
  20 goblins
  A jackal zombie (D:7)
  18 kobolds
  A kobold simulacrum (Crypt:2)
  A lava orc skeleton (Crypt:2)
  A quokka skeleton (D:4)
  19 rats
  11 ballistomycetes
  2 fungi
  9 plants
  A tentacle (Hell)
3434 creatures vanquished.

Vanquished Creatures (collateral kills)
  An anaconda zombie (Hell)
1 creature vanquished.

Vanquished Creatures (others)
  A vault guard (D:14)
  A shadow wraith (Vaults:2)
  A necromancer (Depths:2)
  A human (D:14)
  An elf skeleton (Depths:2)
  A boggart (Vaults:1)
  9 lost souls
  An earth elemental (Hell)
  A wight (Dis:1)
  A human zombie (D:14)
  An iguana (D:4)
  2 mummies (Tomb:2)
  An orc (Vaults:4)
  A kobold (D:4)
  2 crawling corpses (Elf:3)
  7 fungi
  2 plants (Lair:8)
  3 tentacles (Hell)
  226 tentacle segments (Hell)
263 creatures vanquished.

Grand Total: 3698 creatures vanquished

Notes
Turn   | Place    | Note
--------------------------------------------------------------
     0 | D:1      | Kemay, the Vine Stalker Assassin, began the quest for the Orb.
     0 | D:1      | Reached XP level 1. HP: 11/11 MP: 1/1
   224 | D:1      | Reached XP level 2. HP: 10/15 MP: 0/3
   385 | D:1      | Gained mutation: You can spit poison. [potion of mutation]
   385 | D:1      | Gained mutation: Your vision is a little blurry. [potion of mutation]
   385 | D:1      | Gained mutation: You are dopey. (Int -2) [potion of mutation]
   678 | D:1      | Reached XP level 3. HP: 16/18 MP: 4/4
  1162 | D:2      | Reached XP level 4. HP: 23/23 MP: 5/5
  1186 | D:2      | Found a shimmering altar of Xom.
  1290 | D:2      | Found a snail-covered altar of Cheibriados.
  1621 | D:2      | Reached XP level 5. HP: 8/28 MP: 1/7
  1931 | D:3      | Found an iron altar of Okawaru.
  2273 | D:3      | Gained mutation: You heal very quickly. [vine stalker growth]
  2273 | D:3      | Reached XP level 6. HP: 10/32 MP: 4/8
  2325 | D:3      | Noticed a gnoll sergeant
  2357 | D:3      | Reached skill level 1 in Dodging
  2467 | D:3      | Killed a gnoll sergeant
  3011 | D:3      | Reached XP level 7. HP: 30/36 MP: 7/9
  3800 | D:4      | Found a staircase to the Ecumenical Temple.
  3810 | Temple   | Entered the Ecumenical Temple
  3823 | Temple   | Became a worshipper of Dithmenos the Shadowed
  3989 | D:4      | Noticed anything's ghost (average HaHu)
  4032 | D:4      | Killed anything's ghost
  4032 | D:4      | Reached skill level 5 in Dodging
  4359 | D:4      | Gained mutation: You have razor-sharp teeth. [vine stalker growth]
  4359 | D:4      | Reached XP level 8. HP: 41/41 MP: 11/11
  4698 | D:5      | Entered Level 5 of the Dungeon
  4797 | D:5      | Reached skill level 5 in Short Blades
  5075 | D:5      | Noticed Blork the orc
  5101 | D:5      | Killed Blork the orc
  5584 | D:6      | Reached skill level 6 in Short Blades
  5733 | D:6      | Found a basalt altar of Yredelemnul.
  5991 | D:6      | Reached skill level 5 in Fighting
  6081 | D:6      | Noticed Crazy Yiuf
  6087 | D:6      | Killed Crazy Yiuf
  6087 | D:6      | Reached XP level 9. HP: 47/47 MP: 12/12
  6099 | D:6      | Got an encrusted hammer
  6100 | D:6      | Identified the cursed +1 hammer "Skokia" {venom, rPois Str+1} (You found it on level 6 of the Dungeon)
  6192 | D:6      | Reached skill level 7 in Short Blades
  6298 | D:6      | Noticed Dowan
  6302 | D:6      | Noticed Duvessa
  6315 | D:6      | Killed Duvessa
  6317 | D:6      | Acquired Dithmenos' first power
  6326 | D:6      | Killed Dowan
  7481 | D:7      | Reached skill level 8 in Short Blades
  7935 | D:8      | Noticed Psyche
  7966 | D:8      | Acquired Dithmenos' second power
  8137 | D:8      | Gained mutation: You have a somewhat thin skeletal structure (Dex +2, Stealth). [potion of beneficial mutation]
  8271 | D:8      | Found Mnakh's Magic Scroll Boutique.
  8274 | D:8      | Reached skill level 9 in Short Blades
  8281 | D:8      | Bought a scroll of brand weapon for 280 gold pieces
  8332 | D:8      | Bought a scroll of remove curse for 42 gold pieces
  8372 | D:8      | Got a brightly glowing robe
  8386 | D:8      | Identified the cursed -5 robe of Purpose {MR+} (You found it on level 8 of the Dungeon)
  8616 | D:9      | Reached XP level 10. HP: 41/53 MP: 13/13
  8975 | D:9      | Reached skill level 10 in Short Blades
  9015 | D:9      | Acquired Dithmenos' third power
  9041 | D:9      | HP: 2/55 [yak (1)]
  9543 | D:10     | Entered Level 10 of the Dungeon
  9598 | D:9      | Lost mutation: You can spit poison. [potion of cure mutation]
  9598 | D:9      | Lost mutation: Your vision is a little blurry. [potion of cure mutation]
  9598 | D:9      | Lost mutation: You have a somewhat thin skeletal structure (Dex +2, Stealth). [potion of cure mutation]
  9598 | D:9      | Lost mutation: You are dopey. (Int -2) [potion of cure mutation]
  9702 | D:10     | Noticed an elephant
  9715 | D:10     | Noticed a hill giant
  9730 | D:10     | Killed a hill giant
 10086 | D:10     | Found a staircase to the Lair.
 10114 | D:10     | Killed an elephant
 10114 | D:10     | Reached XP level 11. HP: 43/60 MP: 15/15
 10357 | Lair:1   | Entered Level 1 of the Lair of Beasts
 10577 | Lair:1   | Noticed an ice dragon
 10578 | Lair:1   | Noticed an ice statue
 10739 | Lair:1   | Noticed a four-headed hydra
 10746 | Lair:1   | Killed a four-headed hydra
 11868 | Lair:2   | Gained mutation: You regenerate. [vine stalker growth]
 11868 | Lair:2   | Reached XP level 12. HP: 35/67 MP: 11/16
 12021 | Lair:2   | Acquired Dithmenos' fourth power
 12151 | Lair:2   | Identified a scroll of acquirement
 12267 | Lair:2   | Reached skill level 10 in Dodging
 12500 | Lair:2   | Reached skill level 10 in Fighting
 13647 | Lair:3   | Reached skill level 11 in Dodging
 13922 | Lair:4   | Found a staircase to the Snake Pit.
 14177 | Lair:4   | Found a staircase to the Swamp.
 14269 | Lair:4   | Noticed Snorg
 14284 | Lair:4   | Killed Snorg
 14368 | Lair:4   | Noticed an eight-headed hydra
 14578 | Lair:4   | Reached XP level 13. HP: 73/73 MP: 17/17
 14623 | Lair:4   | Noticed an eight-headed hydra
 14829 | D:8      | Killed Psyche
 15187 | D:11     | Found a staircase to the Orcish Mines.
 15360 | D:11     | Reached skill level 12 in Dodging
 15392 | D:11     | Reached skill level 1 in Armour
 15578 | D:11     | Noticed Fannar
 15604 | D:11     | Killed Fannar
 16313 | D:12     | Noticed WereVolvo's ghost (powerful DECj)
 16478 | D:12     | Killed WereVolvo's ghost
 16579 | D:12     | Gained mutation: Your muscles are strong. (Str +2) [potion of beneficial mutation]
 16738 | D:12     | Reached skill level 5 in Armour
 17171 | Lair:4   | Killed an eight-headed hydra
 17335 | Lair:4   | Killed an eight-headed hydra
 17622 | Lair:5   | Noticed colonelcorduroys' ghost (powerful TeGl)
 17928 | Snake:1  | Entered Level 1 of the Snake Pit
 18343 | Snake:1  | Got a fine quarterstaff
 18365 | Snake:1  | Reached XP level 14. HP: 68/79 MP: 16/18
 18417 | Snake:1  | Identified the +12 quarterstaff of Cegeet {venom, MR++ Str+3 Int+1 Stlth-} (You found it on level 1 of the Snake Pit)
 19846 | Lair:5   | Killed colonelcorduroys' ghost
 20025 | Lair:5   | Got a fine leather armour
 20026 | Lair:5   | Identified the +3 leather armour of Lisynlyo {+Rage +Inv Stlth+} (You found it on level 5 of the Lair of Beasts)
 20098 | Lair:5   | Upgraded the game from 0.16-a0-2611-g6d04fdd to 0.16-a0-2640-g4d92b31
 20688 | Lair:6   | Found a runed door.
 20690 | Lair:6   | Noticed an acid blob
 20692 | Lair:6   | Found a viscous altar of Jiyva.
 21116 | Lair:6   | Found a staircase to the Slime Pits.
 21116 | Lair:6   | Noticed an acid blob
 21225 | Lair:6   | Reached skill level 13 in Short Blades
 22566 | Lair:8   | Entered Level 8 of the Lair of Beasts
 22775 | Lair:8   | Reached XP level 15. HP: 74/85 MP: 19/19
 23240 | Lair:8   | Reached skill level 14 in Short Blades
 24213 | Lair:1   | Killed an ice dragon
 24260 | Lair:1   | Killed an ice statue
 24361 | Orc:1    | Entered Level 1 of the Orcish Mines
 24891 | Orc:2    | Found Doylodou's Gadget Shop.
 24940 | Orc:2    | Noticed Sonja
 25008 | Orc:2    | Killed Sonja
 25065 | Orc:2    | Found Feczodad's Antique Armour Emporium.
 25088 | Orc:2    | Bought a steaming cloak for 342 gold pieces
 25099 | Orc:2    | Identified the -2 cloak of Steyd {Str+3 Int+3} (You bought it in a shop on level 2 of the Orcish Mines)
 25194 | Orc:2    | Found Shobb's Jewellery Boutique.
 25475 | Orc:3    | Found a bloodstained altar of Trog.
 25845 | Orc:3    | Found a staircase to the Elven Halls.
 26051 | Orc:4    | Entered Level 4 of the Orcish Mines
 26076 | Orc:4    | Found a roughly hewn altar of Beogh.
 26261 | Orc:4    | Noticed Thrillho's ghost (powerful SpEn)
 26302 | Orc:4    | Noticed Leibowitz's ghost (powerful MfGl)
 26378 | Orc:4    | Killed Leibowitz's ghost
 26522 | Orc:4    | Paralysed by an orc sorcerer for 6 turns
 26733 | Orc:4    | Found Qirchazu's General Store.
 26733 | Orc:4    | Found Eda Stra's Armour Shop.
 26897 | Orc:4    | Found Stynutom's Book Boutique.
 26897 | Orc:4    | Found Psetheh's Distillery.
 27099 | D:8      | Bought a scroll of acquirement for 728 gold pieces
 27099 | D:8      | Bought a scroll of enchant weapon for 105 gold pieces
 27413 | D:13     | Found a roughly hewn altar of Beogh.
 27952 | D:13     | Reached skill level 15 in Short Blades
 28617 | D:14     | Found a gate to the Vaults.
 28865 | D:14     | Reached XP level 16. HP: 92/92 MP: 20/20
 29744 | Snake:2  | Got a wizard robe
 29806 | Snake:2  | Identified the +0 robe of the Buccaneer {rF+ rN+} (You found it on level 2 of the Snake Pit)
 30336 | Snake:2  | Found Qaruan's Antique Armour Shoppe.
 30767 | Swamp:1  | Entered Level 1 of the Swamp
 31130 | Swamp:1  | Upgraded the game from 0.16-a0-2640-g4d92b31 to 0.16-a0-2669-g4c00d22
 31257 | Swamp:1  | Noticed Urug
 31280 | Swamp:1  | Killed Urug
 31536 | Swamp:1  | Paralysed by a red wasp for 4 turns
 31805 | Lair:1   | Noticed a six-headed hydra
 31812 | Lair:1   | Killed a six-headed hydra
 32150 | Orc:4    | Killed Thrillho's ghost
 32417 | D:15     | Entered Level 15 of the Dungeon
 32417 | D:15     | Found Nuowah's Antique Armour Shoppe.
 32676 | D:15     | Found Loabuna's Jewellery Shop.
 32810 | D:15     | Noticed Azrael
 33027 | D:15     | Found Xaxaij's Distillery.
 33045 | D:15     | Reached XP level 17. HP: 96/96 MP: 21/21
 33046 | D:15     | Found Psits' Weapon Emporium.
 33064 | D:15     | Paralysed by an ogre mage for 2 turns
 33108 | D:15     | Found Citeogik's Antique Armour Emporium.
 33165 | D:15     | Killed Azrael
 33276 | D:15     | Found a staircase to the Depths.
 33955 | Swamp:2  | Noticed Roxanne
 33966 | Swamp:2  | You fall through a shaft for 2 floors!
 34005 | Swamp:4  | Reached skill level 15 in Dodging
 34634 | Swamp:2  | Killed Roxanne
 36246 | Snake:3  | Reached skill level 5 in Stealth
 36842 | Snake:3  | Got a scintillating platinum ring
 36844 | Snake:3  | Identified the cursed ring "Xyriozor" {Wiz Str+5 Int+4} (You took it off a naga on level 3 of the Snake Pit)
 37441 | Snake:4  | Reached XP level 18. HP: 74/101 MP: 21/21
 37597 | Snake:4  | Reached skill level 10 in Stealth
 37672 | Snake:5  | Entered Level 5 of the Snake Pit
 37802 | Snake:5  | Found a blossoming altar of Fedhas.
 39480 | Snake:5  | Reached skill level 16 in Short Blades
 40188 | Snake:5  | Got a serpentine rune of Zot
 40734 | Depths:1 | Entered Level 1 of the Depths
 40841 | Vaults:1 | Entered Level 1 of the Vaults
 41220 | Vaults:1 | Reached XP level 19. HP: 107/107 MP: 22/22
 41553 | Vaults:1 | Reached skill level 17 in Short Blades
 41583 | Vaults:1 | Found Ytagevuu's Armour Boutique.
 41592 | Vaults:1 | Bought the +2 shield of Resistance {rF+ rC+ MR+} for 657 gold pieces
 42392 | Vaults:2 | Reached skill level 15 in Fighting
 42699 | Vaults:2 | Found a staircase to the Crypt.
 42699 | Vaults:2 | Found a basalt altar of Yredelemnul.
 42700 | Vaults:2 | Found an ancient bone altar of Kikubaaqudgha.
 42710 | Crypt:1  | Entered Level 1 of the Crypt
 42870 | D:15     | Bought an uncursed ring of sustain abilities for 192 gold pieces
 42878 | D:15     | Learned a level 6 spell: Statue Form
 42881 | D:15     | Upgraded the game from 0.16-a0-2669-g4c00d22 to 0.16-a0-2702-gfff482a
 43172 | Vaults:2 | Noticed Wiglaf
 43177 | Vaults:2 | Killed Wiglaf
 43258 | Vaults:2 | Got a dazzling chain mail
 43269 | Vaults:2 | Identified the -4 chain mail of Inaction {rF+ Str+2 Int-2} (You found it on level 2 of the Vaults)
 43488 | Vaults:2 | Gained mutation: You can breathe flames. [potion of beneficial mutation]
 43629 | Vaults:2 | Reached skill level 18 in Short Blades
 44611 | Vaults:3 | Reached XP level 20. HP: 114/114 MP: 23/23
 45103 | Vaults:3 | Reached skill level 19 in Short Blades
 45103 | Vaults:3 | Reached XP level 21. HP: 67/119 MP: 23/23
 45194 | Vaults:3 | Noticed anything's ghost (mighty HaHu)
 45234 | Vaults:3 | Killed anything's ghost
 45290 | Vaults:3 | Got an iridescent battleaxe
 45296 | Vaults:3 | Identified the +8 battleaxe "Trog's Righteous Anger" {holy, +Fly rF+} (You found it on level 3 of the Vaults)
 46919 | Vaults:4 | Noticed Jory
 46941 | Vaults:4 | Killed Jory
 46941 | Vaults:4 | Reached skill level 20 in Short Blades
 47234 | Vaults:4 | Reached XP level 22. HP: 108/126 MP: 22/24
 47542 | Vaults:4 | Reached skill level 1 in Transmutations
 47559 | Vaults:4 | Reached skill level 1 in Spellcasting
 47861 | Vaults:5 | Entered Level 5 of the Vaults
 48178 | Vaults:4 | Reached skill level 5 in Transmutations
 48420 | Vaults:5 | Identified the Catalogue of Flamy Talismans
 48461 | Vaults:5 | Got a pitted tin ring
 48494 | Vaults:5 | Identified the ring "Strafiwei" {Str+5 Dex+3} (You found it on level 5 of the Vaults)
 48514 | Vaults:5 | Reached skill level 5 in Spellcasting
 49195 | Vaults:5 | Reached skill level 10 in Transmutations
 49227 | Vaults:5 | Got a silver rune of Zot
 49408 | Vaults:5 | Reached XP level 23. HP: 130/130 MP: 36/36
 49520 | Vaults:5 | Reached skill level 10 in Armour
 49887 | Vaults:5 | Reached skill level 1 in Shields
 50096 | Vaults:5 | Got an ancient steel ring
 50098 | Vaults:5 | Identified the Grimoire of Igneous Conjuration
 50100 | Vaults:5 | Identified the ring of Ummuj {rElec rPois rC+ Stlth-} (You found it on level 5 of the Vaults)
 50340 | Vaults:5 | Noticed an ancient lich
 50353 | Vaults:5 | Killed an ancient lich
 51291 | Swamp:5  | Entered Level 5 of the Swamp
 51799 | Swamp:5  | Upgraded the game from 0.16-a0-2702-gfff482a to 0.16-a0-2710-g8b41a68
 51826 | Swamp:5  | Noticed the 27-headed Lernaean hydra
 51990 | Swamp:5  | Reached skill level 5 in Shields
 52548 | Elf:1    | Entered Level 1 of the Elven Halls
 53527 | Elf:2    | Found a runed gate.
 53528 | Elf:2    | Found a runed gate.
 53528 | Elf:2    | Found a runed gate.
 53938 | Elf:2    | Noticed Kirke
 54009 | Elf:2    | Killed Kirke
 54291 | Elf:2    | Reached XP level 24. HP: 135/135 MP: 36/36
 54324 | Elf:2    | Noticed Jorgrun
 54343 | Elf:2    | Noticed Frances
 54356 | Elf:2    | Killed Frances
 54404 | Elf:2    | Killed Jorgrun
 54504 | Elf:3    | Entered Level 3 of the Elven Halls
 54617 | Elf:3    | Found Kleffozxi's Book Emporium.
 54620 | Elf:3    | Bought a book of Changes for 450 gold pieces
 54624 | Elf:3    | Learned a level 2 spell: Sticks to Snakes
 54629 | Elf:3    | Learned a level 4 spell: Ice Form
 54871 | Elf:3    | Noticed Nikola
 54918 | Elf:3    | Killed Nikola
 55792 | Elf:3    | Got a fine platinum ring
 55803 | Elf:3    | Identified the ring of Yfatunu {Ice rPois SInv} (You found it on level 3 of the Elven Halls)
 55828 | Elf:3    | Got an encrusted short sword
 55829 | Elf:3    | Identified the +2 short sword of Besainn {pierce, Str+3 Int+4} (You found it on level 3 of the Elven Halls)
 56004 | Elf:3    | Identified the Tome of Icy Attacks (You found it on level 3 of the Elven Halls)
 56136 | Elf:3    | Reached skill level 10 in Shields
 56212 | Elf:3    | Got a slimy arbalest
 56218 | Elf:3    | Identified the cursed +2 arbalest of Trial by Ordeal {speed, Int+4} (You found it on level 3 of the Elven Halls)
 56564 | D:15     | Reached skill level 1 in Earth Magic
 56633 | Depths:1 | Found a runed door.
 56987 | Depths:1 | Found a gateway to a ziggurat.
 57072 | Depths:1 | Reached skill level 5 in Earth Magic
 57175 | Depths:1 | Found a gateway to Hell.
 57718 | Depths:1 | Got a brightly glowing copper ring
 57739 | Depths:1 | Identified the ring "Bytetul" {SustAb Str+4 Int+4} (You found it on level 1 of the Depths)
 58139 | Depths:2 | Found a runed door.
 58139 | Depths:2 | Found a runed door.
 58444 | Depths:1 | Reached XP level 25. HP: 132/139 MP: 37/37
 58467 | Hell     | Entered the Vestibule of Hell
 58467 | Hell     | Noticed Geryon
 59322 | Depths:2 | HP: 5/139 [hellion/burst of hellfire (8)]
 59779 | Depths:3 | Reached skill level 21 in Short Blades
 59789 | Depths:3 | Found Isyvoury's Book Shop.
 59794 | Depths:3 | Noticed Mara
 59804 | Depths:3 | Noticed Kemay's illusion
 59813 | Depths:3 | Killed Mara
 59975 | Depths:3 | Noticed Frederick
 59985 | Depths:3 | Killed Frederick
 60046 | Depths:3 | Found a one-way gate leading to the halls of Pandemonium.
 60073 | Depths:3 | Found a portal to a secret trove of treasure.
 60617 | Depths:3 | Learned a level 5 spell: Lee's Rapid Deconstruction
 60752 | Depths:3 | Reached skill level 22 in Short Blades
 61135 | Depths:4 | Noticed Xtahua
 61208 | Depths:4 | Killed Xtahua
 61279 | Depths:4 | Noticed the Enchantress
 61682 | Depths:4 | Noticed a greater mummy
 61699 | Depths:4 | Killed a greater mummy
 61809 | Depths:4 | Found a one-way gate to the infinite horrors of the Abyss.
 61922 | Depths:4 | Reached XP level 26. HP: 147/147 MP: 37/37
 61991 | Depths:4 | Killed the Enchantress
 62029 | Depths:4 | Got a faerie dragon armour
 62030 | Depths:4 | Identified the +6 faerie dragon armour {+Rage +Inv} (You took it off the Enchantress on level 4 of the Depths)
 62553 | Depths:5 | Entered Level 5 of the Depths
 62684 | Depths:5 | Noticed Margery
 62702 | Depths:5 | Killed Margery
 62800 | Depths:5 | Got a pair of bloodstained boots
 62811 | Depths:5 | Identified the +2 pair of boots "Mnegela" {Int+5} (You acquired it on level 5 of the Depths)
 63315 | Depths:5 | Found a gate to the Realm of Zot.
 64096 | Swamp:5  | Got a decaying rune of Zot
 65123 | Crypt:1  | Got an ancient robe
 65134 | Crypt:1  | Identified the +1 robe of Polytheism {rF+ rC+ Str-3 Int-1} (You found it on level 1 of the Crypt)
 65779 | Crypt:2  | HP: 6/147 [revenant/ghostly fireball (21)]
 66639 | Crypt:3  | Entered Level 3 of the Crypt
 66664 | Crypt:3  | Reached XP level 27. HP: 152/152 MP: 38/38
 66759 | Crypt:3  | Found a basalt altar of Yredelemnul.
 66909 | Crypt:3  | Reached skill level 15 in Armour
 67913 | Crypt:3  | Found a staircase to the Tomb.
 67913 | Crypt:3  | Noticed a greater mummy
 67927 | Crypt:3  | Killed a greater mummy
 68490 | Tomb:1   | Entered Level 1 of the Tomb of the Ancients
 69378 | Tomb:1   | Got a scorched cloak
 69379 | Tomb:1   | Identified the +2 cloak "Sumocozo" {+Fly Str+3 Slay+2} (You found it on level 1 of the Tomb of the Ancients)
 70587 | Hell     | Killed Geryon
 70779 | Hell     | Found a gateway to the decaying netherworld of Tartarus.
 70925 | Hell     | Found a gateway to the ashen valley of Gehenna.
 71047 | Hell     | Found a gateway to the Iron City of Dis.
 71183 | Hell     | Found a gateway to the freezing wastes of Cocytus.
 72336 | Tomb:2   | Got an ancient long sword
 72337 | Tomb:2   | Identified the cursed -2 long sword of Jener {flame, Int+4} (You took it off a guardian mummy on level 2 of the Tomb of the Ancients)
 73176 | Dis:1    | Entered Level 1 of the Iron City of Dis
 75492 | Dis:6    | Gained mutation: Your spells are a little harder to cast, but a little more powerful. [mutagenic glow]
 75539 | Dis:6    | Gained mutation: Armour fits poorly on your strangely shaped body. [mutagenic glow]
 75916 | Dis:7    | Entered Level 7 of the Iron City of Dis
 76141 | Dis:7    | Gained mutation: Your vision is a little blurry. [mutagenic glow]
 76177 | Dis:7    | Lost mutation: Your muscles are strong. (Str +2) [mutagenic glow]
 76254 | Dis:7    | Gained mutation: You are agile. (Dex +2) [mutagenic glow]
 76932 | Dis:7    | Noticed the Serpent of Hell
 77120 | Dis:7    | Killed from afar by the Serpent of Hell

Action                   |  1- 3 |  4- 6 |  7- 9 | 10-12 | 13-15 | 16-18 | 19-21 | 22-24 | 25-27 || total
-------------------------+-------+-------+-------+-------+-------+-------+-------+-------+-------++-------
Melee: Dagger            |   126 |   331 |   593 |  1097 |   458 |     5 |       |       |       ||  2610
       Hammer            |       |       |    54 |       |       |       |       |       |       ||    54
       Quick blade       |       |       |       |       |  1703 |  1966 |  1102 |  1750 |  4203 || 10724
Invok: Shadow Step       |       |       |       |       |     1 |       |       |       |       ||     1
 Abil: Spit Poison       |       |       |     1 |       |       |       |       |       |       ||     1
Evoke: Wand              |       |     7 |    11 |    17 |    17 |    16 |    15 |     5 |     3 ||    91
       tome              |       |       |       |       |       |       |       |     1 |       ||     1
       Stone of tremors  |       |       |       |       |       |       |       |       |     2 ||     2
       Horn of Geryon    |       |       |       |       |       |       |       |       |     2 ||     2
  Use: Scroll            |     4 |     5 |    11 |    12 |    26 |     7 |     5 |    19 |    17 ||   106
       Potion            |     1 |       |     8 |     4 |    14 |     5 |     3 |     8 |       ||    43
 Stab: Sleeping          |    10 |     2 |    25 |    47 |    98 |    77 |    41 |    48 |   131 ||   479
       Distracted        |     1 |       |       |     3 |     8 |    12 |     3 |    22 |    18 ||    67
       Confused          |       |       |       |       |     1 |       |       |     1 |       ||     2
  Eat: Chunk             |     1 |     6 |    17 |    23 |    35 |    31 |    22 |    33 |    44 ||   212
       Pizza             |       |       |     2 |       |     2 |       |       |       |     3 ||     7
       Fruit             |       |       |       |       |     8 |     7 |       |     2 |       ||    17
       Bread ration      |       |       |       |       |       |     1 |       |       |     4 ||     5
